 Dungeon Crawl Stone Soup version 0.14-a0-40-g75911bd (webtiles) character file.

424 LeoStagg the Covered (level 6, -3/53 HPs)
             Began as a Minotaur Fighter on Sept 28, 2013.
             Was an Initiate of Okawaru.
             Killed by divine providence
             ... invoked by an orc priest
              (12 damage)
             ... on Level 4 of the Dungeon on Sept 29, 2013.
             The game lasted 00:28:21 (2584 turns).

LeoStagg the Covered (Minotaur Fighter)             Turns: 2584, Time: 00:28:21

HP  -3/53        AC  9     Str 22      XL: 6   Next:  5%
MP   2/2         EV  5     Int  5      God: Okawaru [......]
Gold 146         SH 20     Dex 10      Spells:  0 memorised,  5 levels left

Res.Fire  : . . .   See Invis. : .   a - +0 short sword
Res.Cold  : . . .   Warding    : .   u - +0 chain mail
Life Prot.: . . .   Conserve   : .   c - +0 shield
Res.Poison: .       Res.Corr.  : .   (helmet restricted)
Res.Elec. : .       Clarity    : .   (no cloak)
Sust.Abil.: . .     Spirit.Shd : .   (no gloves)
Res.Mut.  : .       Stasis     : .   (no boots)
Res.Rott. : .       Flight     : .   (no amulet)
Saprovore : . . .                    (no ring)
                                     (no ring)

@: about to teleport, slightly resistant to hostile enchantments, extremely
unstealthy
A: retaliatory headbutt, horns 2
a: Renounce Religion


You were on level 4 of the Dungeon.
You worshipped Okawaru.
Okawaru was noncommittal.
You were not hungry.

You visited 1 branch of the dungeon, and saw 4 of its levels.

You collected 126 gold pieces.

Inventory:

Hand weapons
 a - a +0,+0 short sword (weapon)
Armour
 c - a +0 shield (worn)
 u - a +0 chain mail (worn)
Magical devices
 r - a wand of random effects (12)
 v - a wand of fire (1)
 w - a wand of disintegration (10)
Comestibles
 d - a bread ration
 k - a royal jelly
Scrolls
 b - 2 scrolls of remove curse {unknown}
 e - a scroll of random uselessness {unknown}
 f - 3 scrolls of enchant armour {unknown}
 h - a scroll of teleportation
 i - 2 scrolls of amnesia {unknown}
 l - a scroll of identify {unknown}
 m - 2 scrolls of magic mapping {unknown}
 q - a scroll of enchant weapon II {unknown}
 s - 2 scrolls of blinking {unknown}
Potions
 g - a potion of resistance {unknown}
 j - 3 potions of magic {unknown}
 n - a potion of speed {unknown}
 o - a potion of heal wounds {unknown}
 p - 2 potions of curing {unknown}
 t - a potion of restore abilities {unknown}
 x - 2 potions of poison {unknown}


   Skills:
 + Level 4.3 Fighting
 + Level 3.5 Short Blades
 + Level 5.3 Armour
 + Level 2.3 Dodging
 + Level 0.1 Stealth
 + Level 5.1 Shields


You had 5 spell levels left.
You didn't know any spells.

Dungeon Overview and Level Annotations

Branches:
Dungeon (4/27)
 Temple: D:4-7

Altars:
Ashenzari
Okawaru
Xom

Annotations:
D:4 Prince Ribbit


Innate Abilities, Weirdness & Mutations

You reflexively headbutt those who attack you in melee.
You have a pair of horns on your head.


Message History

You hit the orc priest but do no damage.
The orc priest is lightly wounded.
Prince Ribbit hits you!
* * * LOW HITPOINT WARNING * * *
The orc priest hits you but does no damage.
An orc wizard comes into view. It is wielding an orcish dagger.
You closely miss the orc priest.
The orc priest is lightly wounded.
The orc wizard shouts!
You block Prince Ribbit's attack.
The orc priest hits you but does no damage.
The orc wizard moves out of view.
Prince Ribbit hits you.
* * * LOW HITPOINT WARNING * * *
Read which item? (? for menu, Esc to quit)
As you read the scroll of teleportation, it crumbles to dust.
You feel strangely unstable.
Prince Ribbit hits you but does no damage.
The orc priest calls down the wrath of Beogh upon you.
Something smites you!
You die...

########## #........#
. #........#### .o..
#.............
.....?#####...........
....(..)o@............
........F....####....#
.............<......#
#####.......####....#
#.......# ..#
#.......# # #........
###.###### #.#


You could see Prince Ribbit, an orc priest and an orc wizard.

Vanquished Creatures
  2 orc priests (D:3)
  A hound (D:4)
  6 adders
  A gnoll (D:1)
  2 giant mites (D:2)
  3 worms
  4 giant geckos
  An ooze (D:3)
  4 orcs
  7 bats
  10 goblins
  13 hobgoblins
  4 jackals (D:2)
  4 giant cockroaches
  6 giant newts
  10 kobolds
  21 rats
99 creatures vanquished.

Notes
Turn   | Place    | Note
--------------------------------------------------------------
     0 | D:1      | LeoStagg, the Minotaur Fighter, began the quest for the Orb.
     0 | D:1      | Reached XP level 1. HP: 19/19 MP: 0/0
   273 | D:1      | Reached skill level 4 in Armour
   273 | D:1      | Reached XP level 2. HP: 26/26 MP: 0/0
   569 | D:1      | Reached XP level 3. HP: 16/33 MP: 1/1
  1176 | D:2      | Found a shimmering altar of Xom.
  1225 | D:2      | Reached skill level 1 in Dodging
  1254 | D:2      | Reached XP level 4. HP: 39/39 MP: 1/1
  1347 | D:2      | Found an iron altar of Okawaru.
  1370 | D:2      | Became a worshipper of Warmaster Okawaru
  1800 | D:2      | Found a shattered altar of Ashenzari.
  2019 | D:3      | Reached XP level 5. HP: 46/46 MP: 1/1
  2115 | D:3      | Reached skill level 5 in Armour
  2115 | D:3      | Reached skill level 5 in Shields
  2566 | D:4      | Noticed Prince Ribbit
  2574 | D:4      | Reached XP level 6. HP: 36/53 MP: 2/2
  2584 | D:4      | Killed from afar by an orc priest

Action                   |  1- 3 |  4- 6 || total
-------------------------+-------+-------++-------
Melee: Short sword       |   117 |   180 ||   297
Evoke: Wand              |       |     5 ||     5
  Use: Scroll            |       |     3 ||     3
